 Dungeon Crawl Stone Soup version 0.27.1-15-g792fb953b9 (webtiles) character file.

Game seed: 823779653088930521

67 zeram the Skirmisher (level 4, -6/48 HPs)
             Began as an Ogre Fighter on Nov 19, 2021.
             Mangled by a scorpion (8 damage)
             ... on level 3 of the Dungeon.
             The game lasted 00:01:37 (1708 turns).

zeram the Skirmisher (Ogre Fighter)                 Turns: 1708, Time: 00:01:37

Health: -6/48      AC:  3    Str: 20    XL:     4   Next: 16%
Magic:  4/4        EV:  8    Int: 10    God:
Gold:   12         SH:  8    Dex: 14    Spells: 3/3 levels left

rFire    . . .     SeeInvis .   a - +0 flail
rCold    . . .     Faith    .   c - +0 kite shield
rNeg     . . .     Spirit   .   b - +0 robe
rPois    .         Reflect  .   (helmet restricted)
rElec    .         Harm     .   (no cloak)
rCorr    .         Rampage  .   (gloves unavailable)
Will     .....                  (boots unavailable)
Stlth    +.........             (no amulet)
HPRegen  0.16/turn              k - +6 ring of dexterity
MPRegen  0.09/turn              (no ring)

@: mighty, lethally poisoned (-6 -> -15), flying
A: large, unfitting armour, tough skin 1
a: no special abilities


You were on level 3 of the Dungeon.
You visited 1 branch of the dungeon, and saw 3 of its levels.

You collected 12 gold pieces.

Inventory:

Hand Weapons
 a - a +0 flail (weapon)
Armour
 b - a +0 robe (worn)
 c - a +0 kite shield (worn)
Jewellery
 k - a +6 ring of dexterity (left hand)
Scrolls
 e - a scroll of identify {unknown}
 f - a scroll of fear {unknown}
 g - 3 scrolls of noise {unknown}
 h - a scroll of amnesia {unknown}
 j - 3 scrolls of enchant weapon {unknown}


   Skills:
 - Level 4.0 Fighting
 + Level 3.9 Maces & Flails
 - Level 2.6 Dodging
 - Level 2.6 Shields


You had 3 spell levels left.
You didn't know any spells.
Your spell library was empty.

Dungeon Overview and Level Annotations

Branches:
Dungeon (2/15)

Altars:


Innate Abilities, Weirdness & Mutations

You are too large for most types of armour.
You have tough skin. (AC +1)


Message History

The scorpion is moderately wounded.
You feel very sick. The scorpion stings you.
The scorpion completely misses you.
You closely miss the scorpion.
The scorpion is moderately wounded.
You feel very sick. The scorpion stings you.
You are more poisoned.
The scorpion poisons you!
You closely miss the scorpion.
The scorpion is moderately wounded.
You feel very sick. The scorpion stings you!
The scorpion stings you but does no damage.
You are too injured to fight recklessly!
You are too injured to fight recklessly!
You feel very mighty all of a sudden.
* * * LOW HITPOINT WARNING * * *
You feel very sick. You block the scorpion's attack.
You barely miss the scorpion.
The scorpion is moderately wounded.
* * * LOW HITPOINT WARNING * * *
You feel very sick. You block the scorpion's attack. The scorpion stings you.
* * * LOW HITPOINT WARNING * * *
You are lethally poisoned!
The scorpion poisons you!
It was a potion of flight.
You feel very buoyant.
You fly up into the air.
* * * LOW HITPOINT WARNING * * *
You feel very sick. You block the scorpion's attack.
You barely miss the scorpion.
The scorpion is moderately wounded.
* * * LOW HITPOINT WARNING * * *
You feel very sick. The scorpion barely misses you. The scorpion stings you!
You die...

#.......#
#.......#
#.......#
........#
#....#
#.......#
#..#..#
#<.......
#..##..
##.......#
..###..
#.@s......
.###..
#♣.♣#♣#####
##..#####.....#
#.......♣.♣.♣#
##...##......#
##)####♣#♣#♣#
## #).# . P.
##### #.## #..
♣♣♣. ......##.#
#PP♣ ♣♣.P.


You could see a scorpion.

Vanquished Creatures
  3 adders (D:3)
  2 dart slugs (D:3)
  4 orcs (D:3)
  A ball python (D:1)
  A bat (D:2)
  2 endoplasms (D:1)
  A giant cockroach (D:3)
  2 goblins (D:1)
  4 hobgoblins
  A kobold (D:1)
  3 quokkas
  5 rats
29 creatures vanquished.

Vanquished Creatures (others)
  2 plants (D:3)
2 creatures vanquished.

Grand Total: 31 creatures vanquished

Notes
Turn   | Place    | Note
-------+----------+-------------------------------------------
     0 | D:1      | zeram the Ogre Fighter began the quest for the Orb.
     0 | D:1      | Reached XP level 1. HP: 24/24 MP: 1/1
   192 | D:1      | Reached XP level 2. HP: 32/32 MP: 2/2
   968 | D:2      | You fall into a shaft and drop 1 floor!
   975 | D:3      | Reached XP level 3. HP: 26/39 MP: 3/3
  1458 | D:3      | Reached XP level 4. HP: 19/48 MP: 4/4
  1697 | D:3      | Noticed a scorpion
  1708 | D:3      | HP: 2/48 [poisoned by a scorpion]
  1708 | D:3      | Mangled by a scorpion

Illustrated notes

Levels and vault maps discovered:
D:1:      dpeg_arrival_rhombus, layout_basic, glass_columns_b
D:2:      layout_loops_corners, serial_shops, shop, basic_altar,
          hellmonk_ecumenical_altar_blasted, kennysheep_generic_room_9
D:3:      layout_loops_ring, serial_forest, infiniplex_forest_end_2,
          infiniplex_forest_clump_small, infiniplex_forest_lined_ring,
          infiniplex_forest_straight_2, infiniplex_forest_clump_long,
          infiniplex_forest_straight_1, infiniplex_forest_lined_room_,
          infiniplex_forest_diagonal, infiniplex_forest_lined_3,
          infiniplex_forest_lined_room_, hangedman_glass_teeth, grunt_decor_cap,
          minmay_misc_feat_tiny, st_stairs_3

Skill      XL: |  1  2 |
---------------+-------+-----
Maces & Flails | 2 3 |  3.9
Fighting       | |  4.0
Dodging        | |  2.6
Shields        | |  2.6

Action                   |  1- 3 |  4- 6 || total
-------------------------+-------+-------++-------
Melee: Flail             |    83 |    17 ||   100
  Use: Potion            |     1 |     2 ||     3
Armor: Robe              |    30 |     3 ||    33
Dodge: Dodged            |    27 |     9 ||    36
Block: Kite shield       |    41 |     5 ||    46
